 Dungeon Crawl Stone Soup version 0.31.0-11-ge490571c62 (webtiles) character file.

Game seed: 7750679848168747737

156 Ruich the Ruffian (level 5, -4/46 HPs)
             Began as a Ghoul Monk on Feb 5, 2024.
             Was an Elder of Jiyva.
             Slain by an ogre
             ... wielding a +0 giant spiked club
              (20 damage)
             ... on level 4 of the Dungeon.
             The game lasted 00:04:17 (2335 turns).

Ruich the Ruffian (Ghoul Monk)                      Turns: 2335, Time: 00:04:18

Health: -4/46      AC:  6    Str: 23    XL:     5   Next: 37%
Magic:  0/5        EV: 12    Int:  9    God:    Jiyva [****..]
Gold:   135        SH:  0    Dex: 11    Spells: 4/4 levels left

rFire   . .          .
                       - Unarmed
rCold   + . .        c - orb {light}
rNeg    + + +        a - +0 robe
rPois   ∞            (no helmet)
rElec   .            (no cloak)
rCorr   +            (no gloves)
SInv    .            (no boots)
Will    .....        d - amulet of regeneration
Stlth   +            S - +6 ring of strength
HPRegen 1.28/turn    T - +4 ring of protection
MPRegen 0.73/turn

%: no passive effects
@: slimy, inhibited regen, glowing
A: claws 1, cold resistance 1, negative energy resistance 3, inhibited
regeneration, torment resistance 2, devour on kill
a: Renounce Religion, Oozemancy, Slimify


You were on level 4 of the Dungeon.
You worshipped Jiyva.
Jiyva was greatly pleased with you.
You visited 1 branch of the dungeon, and saw 4 of its levels.

You collected 135 gold pieces.


Innate Abilities, Weirdness & Mutations

You are immune to poison.
You have sharp fingernails.
Your flesh is cold resistant. (rC+)
You are immune to negative energy. (rN+++)
You do not regenerate when monsters are visible.
You are immune to unholy pain and torment.
You thrive by killing the living.


   Skills:
 + Level 4.2 Fighting
 + Level 3.5 Dodging
 * Level 5.1 Unarmed Combat


You had 4 spell levels left.
You didn't know any spells.
Your spell library contained the following spells:

 Spells                   Type           Power      Damage    Failure   Level
 Apportation              Tloc           0%         N/A       38%         1
 Necrotise                Necr           0%         1d4       38%         1
 Sting                    Conj/Alch      0%         1d3       38%         1
 Summon Small Mammal      Summ           0%         N/A       38%         1
 Ensorcelled Hibernation  Hex/Ice        0%         N/A       52%         2
 Fugue of the Fallen      Necr           0%         N/A       77%         3
 Anguish                  Hex/Necr       0%         N/A       99%         4

Inventory:

Armour
 a - a +0 robe (worn)
 c - an orb of light (worn)
 m - a +0 pair of boots
Jewellery
 d - an amulet of regeneration (around neck)
 v - a ring of see invisible
 C - a ring of ice
 S - a +6 ring of strength (left claw)
 T - a +4 ring of protection (right claw)
Scrolls
 e - a scroll of brand weapon {unknown}
 g - a scroll of immolation {unknown}
 h - a scroll of vulnerability {unknown}
 i - 7 scrolls of identify {unknown}
 l - a scroll of teleportation {unknown}
 n - a scroll of acquirement {unknown}
Potions
 b - 2 potions of ambrosia
 f - a potion of heal wounds {unknown}
 j - a potion of curing {unknown}
 k - a potion of attraction {unknown}

Dungeon Overview and Level Annotations

Branches:
Dungeon (4/15)
 Temple: D:4-7

Altars:
Jiyva

#.# ##......##.#
#.#.####.#######......### #
#.....<................#
#.######.#####.......##....
#........#.....###.#
▒▒▒▒▒#......(.#......# ▒..
▒.#.[.####..#####
▒♣.>.♣▒▒..........#
......)▒@...#####.#
♣...O..#.# .# .......▒..#.#
.. ▒♣.<.♣▒▒#.#.# S.. ▒..
#.#.# ...# ▒▒ ....# ...#
#.### ...# #.#


You could see an ogre.


Message History

* * * LOW HITPOINT WARNING * * *
You hear a distant slurping noise.
You shake off some of the fire as you move.
The liquid fire burns you!
* * * LOW HITPOINT WARNING * * *
You hear a distant slurping noise.
You shake off the liquid fire.
You hear a distant slurping noise. x2
A kobold comes into view. It is wielding a +0 dagger.
Found a stone staircase leading up.
The kobold shouts!
You hear a shout!
An ogre comes into view. It is wielding a +0 giant spiked club.
You see here 6 gold pieces.
Found a stone staircase leading down.
The kobold closely misses you.
You barely miss the kobold. The kobold hits you with a +0 dagger.
You claw the kobold!
You kill the kobold!
You hear a distant slurping noise.
You completely miss the ogre.
The ogre hits you with a +0 giant spiked club!!
* * * LOW HITPOINT WARNING * * *
Unknown command.
You hear a distant slurping noise.
You see here 6 gold pieces.
Use which ability? (? or * to list)
You fail to use your ability.
Use which ability? (? or * to list)
A thick mucus forms on your claws.
The ogre hits you with a +0 giant spiked club!!
You die...

Skill      XL: |  1  2  3  4  5 |
---------------+----------------+-----
Dodging        | 3 |  3.5
Unarmed Combat | 4 5 |  5.1
Fighting       | 4 |  4.2

Action                     |  1- 3 |  4- 6 || total
---------------------------+-------+-------++-------
  Melee: Unarmed           |    56 |    41 ||    97
 Invoke: Slimify           |       |     1 ||     1
 Armour: Robe              |    22 |    28 ||    50
  Dodge: Dodged            |    24 |    21 ||    45

Levels and vault maps discovered:
D:1:      minmay_arrival_four_circles, layout_basic,
          shapermc_ecumenical_altar_flowoftime, minmay_octomino_c4
D:2:      layout_basic, uniq_jessica
D:3:      layout_loops_ring
D:4:      layout_loops_cross, ebering_ghost_rock_garden, grunt_ministairs_7,
          minmay_gold_behind_fungi, minmay_fractal_squares_diagonal_5

Notes
Turn   | Place    | Note
-------+----------+-------------------------------------------
     0 | D:1      | Ruich the Ghoul Monk began the quest for the Orb.
     0 | D:1      | Reached XP level 1. HP: 19/19 MP: 1/1
   246 | D:1      | Found a faded altar of an unknown god.
   255 | D:1      | Prayed at the altar of an unknown god.
   255 | D:1      | Became a worshipper of Jiyva Jiagiaru the Shapeless
   255 | D:1      | Reached * piety under Jiyva
   255 | D:1      | Reached ** piety under Jiyva
   337 | D:1      | Reached XP level 2. HP: 26/26 MP: 2/2
   401 | D:1      | Reached *** piety under Jiyva
   430 | D:1      | Reached skill level 3 in Dodging
   430 | D:1      | Reached skill level 4 in Unarmed Combat
   430 | D:1      | Reached XP level 3. HP: 31/31 MP: 3/3
   979 | D:2      | Noticed Jessica
   983 | D:2      | Killed Jessica
   984 | D:2      | Reached XP level 4. HP: 40/40 MP: 4/4
  1169 | D:2      | Reached **** piety under Jiyva
  1795 | D:3      | Reached skill level 4 in Fighting
  2289 | D:4      | Reached XP level 5. HP: 16/46 MP: 5/5
  2320 | D:4      | Reached skill level 5 in Unarmed Combat
  2327 | D:4      | Noticed an ogre
  2335 | D:4      | Slain by an ogre

Vanquished Creatures
  A bombardier beetle (D:4)
  Jessica (D:2)
  An orc wizard (D:4)
  2 adders (D:3)
  2 dart slugs (D:1)
  A ribbon worm (D:2)
  2 orcs (D:4)
  4 bats
  An endoplasm (D:1)
  A giant cockroach (D:1)
  7 goblins
  4 hobgoblins (D:1)
  3 kobolds
  3 quokkas
  10 ball pythons
  2 frilled lizards
  3 rats
48 creatures vanquished.

Vanquished Creatures (others)
  An adder (D:3)
  3 orcs (D:4)
  2 ball pythons
  A bat (D:3)
  A goblin (D:4)
  A kobold (D:4)
  A quokka (D:3)
10 creatures vanquished.

Grand Total: 58 creatures vanquished

Table legend: (Time is in decaauts)
 A = Elapsed time spent in this place.
 B = Non-inter-level travel time spent in this place.
 C = Inter-level travel time spent in this place.
 D = Time resting spent in this place.
 E = Time spent auto-exploring this place.
 F = Levels seen in this place.
 G = Mean time per level.
                   A        B        C        D        E       F      G
               +--------+--------+--------+--------+--------+-----+--------+
         Total |   2325 |   2215 |    110 |      0 |   1881 |   4 |  581.2 |
       Dungeon |   2325 |   2215 |    110 |      0 |   1881 |   4 |  581.2 |
               +--------+--------+--------+--------+--------+-----+--------+

Top non-repeatable levels by time:
     D:1: 909 daAuts
     D:2: 676 daAuts
     D:3: 660 daAuts
     D:4: 79 daAuts

Table legend:
 A = Non-vault XP
 B = Vault XP
 C = Vault XP percentage of total XP
 D = Non-vault monster count
 E = Vault monster count
 F = Vault count percentage of total count
                 A         B        C        D         E       F
            +---------+---------+-------+---------+---------+-------
      Total |     174 |      49 |  22.0 |      40 |       8 |  16.7
            +---------+---------+-------+---------+---------+-------
        D:1 |      36 |      11 |  23.4 |      20 |       6 |  23.1
        D:2 |      15 |      37 |  71.2 |       9 |       1 |  10.0
        D:3 |      31 |       0 |   0.0 |       5 |       0 |   0.0
        D:4 |      92 |       1 |   1.1 |       6 |       1 |  14.3
            +---------+---------+-------+---------+---------+-------
